[Event "Dutch Internet Championship Final"]
[Site "playchess.com #038132"]
[Date "2011.06.18"]
[Round "2.4"]
[White "kingloek"]
[Black "Erikerik"]
[Result "1-0"]
[ECO "E39"]
[WhiteElo "2891"]
[BlackElo "2666"]
[PlyCount "115"]
[EventDate "2011.06.18"]
[EventType "match (blitz)"]
[TimeControl "180+3"]

1. d4 Nf6 2. c4 e6 3. Nc3 Bb4 4. Qc2 c5 5. dxc5 O-O 6. a3 Bxc5 7. Nf3 Nc6 8.
Bg5 b6 9. e3 Bb7 10. Bd3 h6 11. Bh4 Be7 12. O-O Rc8 13. Rfd1 Na5 14. Qe2 d5 15. cxd5 Nxd5 16. Nxd5 Bxd5 17. Bg3 Qe8 18. Ne5 Bf6 19. Bb5 Qe7 20. e4 Bb3 21. Rd2 Qc5 22. Nd7 Qc1+ 23. Rxc1 Rxc1+ 24. Qf1 Rxf1+ 25. Kxf1 Rc8 26. Nxf6+ gxf6 27. Ke2 Rc5 28.
Bd3 Rc1 29. f3 Ba4 30. Ke3 Kg7 31. Bb8 Nc6 32. Bd6 e5 33. f4 Re1+ 34. Re2 Rh1 35. h3 exf4+ 36. Bxf4 Ne5 37. Bxe5 fxe5 38. Bc4 Bc6 39. Rc2 Re1+ 40. Be2 Bb5 41. Kf2 Rxe2+ 42. Rxe2 Bxe2 43. Kxe2 Kf6 44. Kf3 Kg5 45. Kg3 h5 46. Kf3 b5 47. b4 a6 48. g3 h4 49. gxh4+ Kxh4 50.
Kg2 f6 51. Kh2 Kg5 52. Kg3 f5 53. exf5 Kxf5 54. Kf3 Kg5 55. Ke4 Kh4 56. Kxe5 Kxh3 57. Kd5 Kg4 58. Kc5 {[%emt 0:00:01]
Erikerik geeft op  (Lag: Av=0.62s, max=5.3s)} 1-0

[Event "Dutch Internet Championship Final"]
[Site "playchess.com #038132"]
[Date "2011.06.18"]
[Round "2.4"]
[White "Reinderman"]
[Black "Christov"]
[Result "1-0"]
[ECO "A11"]
[WhiteElo "2507"]
[BlackElo "2478"]
[PlyCount "49"]
[EventDate "2011.06.18"]
[EventType "match (blitz)"]
[TimeControl "180+3"]

1. c4 c6 2. g3 d5 3. Nf3 Nf6 4. Bg2 Bg4 5. Ne5 Be6 6. cxd5 Bxd5 7. Nf3 e5 8. Nc3 e4 9. Ng5 e3 10. Nxd5 exf2+ 11. Kxf2 Bc5+ 12. d4 Ng4+ 13. Kg1 cxd5 14. dxc5 O-O 15. h3 Nf6 16. Kh2 Qe7 17. b4 Nc6 18. Bf4 Nh5 19. Qd2 h6 20. Nf3 Rfe8 21. Rhe1 Qf6 22. b5 Ne7 23. Nd4 Ng6 24. Bd6 Qf2 25. Rf1 {[%emt 0:00:07] Christov geeft op  (Lag: Av=0.23s,
max=0.6s)} 1-0

[Event "Dutch Internet Championship Final"]
[Site "playchess.com #038132"]
[Date "2011.06.18"]
[Round "2.1"]
[White "Erikerik"]
[Black "kingloek"]
[Result "0-1"]
[ECO "B90"]
[WhiteElo "2650"]
[BlackElo "2907"]
[PlyCount "56"]
[EventDate "2011.06.18"]
[EventType "match (blitz)"]
[TimeControl "180+3"]

1. e4 c5 2. Nf3 d6 3. d4 cxd4 4. Nxd4 Nf6 5. Nc3 a6 6. Be3 e5 7. Nb3 Be7 8.
Qf3 O-O 9. h3 b5 10. O-O-O b4 11. Na4 Nbd7 12. g4 Bb7 13. Bd3 Bc6 14. g5 Ne8 15. h4 Bxa4 16. Bc4 Qc7 17. Bd5 Rc8 18. Rd2 Bc6 19. h5 Bxd5 20. exd5 Nb6 21. Bxb6 Qxb6 22. Qf5 Rc4 23. g6 Rf4 24. gxh7+ Kh8 25. Qd7 Bg5 26. Kb1 Nf6 27. Qe7 Nxh7 28. Nc1 Bxe7 {[%emt 0:00:02] Tijd  (Lag: Av=0.50s, max=2.4s) .} 0-1

[Event "Dutch Internet Championship Final"]
[Site "playchess.com #038132"]
[Date "2011.06.18"]
[Round "2.1"]
[White "Daanbrandenburg"]
[Black "Jan Smeets"]
[Result "1-0"]
[ECO "C55"]
[WhiteElo "2697"]
[BlackElo "2846"]
[PlyCount "51"]
[EventDate "2011.06.18"]
[EventType "match (blitz)"]
[TimeControl "180+3"]

1. e4 e5 2. Nf3 Nc6 3. d4 exd4 4. Bc4 Nf6 5. Ng5 Ne5 6. Bb3 h6 7. f4 hxg5 8. fxe5 Nxe4 9. Bd5 Nc5 10. O-O Ne6 11. Qf3 Qe7 12. Nd2 f6 13.
Ne4 {[%emt 0:01:28] .} c6 14. exf6 gxf6 15. Nxf6+ Kd8 16. Bxe6 Qxe6 17. Bxg5 Kc7 18. Rae1 Qxa2 19. Ne8+ Kb6 20. Bd8+ Kc5 21. c3 Qd5 22. b4+ Kc4 23. Qe2+ d3 24. Qa2+ Kxc3 25. Rc1+ Kxb4 26. Qb2+
{[%emt 0:00:02] Jan Smeets resigns  (Lag: Av=0.48s, max=1.2s)} 1-0

[Event "Dutch Internet Championship Final"]
[Site "playchess.com #038132"]
[Date "2011.06.18"]
[Round "2.1"]
[White "Rossetis"]
[Black "Ivan Sokolov"]
[Result "0-1"]
[ECO "C75"]
[WhiteElo "2505"]
[BlackElo "2287"]
[PlyCount "48"]
[EventDate "2011.06.18"]
[EventType "match (blitz)"]
[TimeControl "180+3"]

1. e4 e5 2. Nf3 Nc6 3. Bb5 a6 4. Ba4 d6 5. c3 Bd7 6. d3 g6 7. h3 Bg7 8. O-O Nf6 9. Be3 O-O 10. Nbd2 Kh8 11. Re1 Nh5 12. Nf1 f5 13. exf5 gxf5 14. Bxc6 Bxc6 {[%emt 0:
00:02] Rossetis reconnected.} 15. Nxe5 dxe5 16. Qxh5 f4 17. Bc5 Qd5 18. f3 Qxc5+ 19. d4 Qb6 20. Rxe5 Qxb2 21. Rae1 Qxc3 22. d5 Bxd5 23. Re7 Bxa2 24. R1e5 Bf7 {[%emt 0:00:09] Rossetis reconnected. Rossetis geeft op  (Lag:
Av=1.59s, max=21.7s)} 0-1

[Event "Dutch Internet Championship Final"]
[Site "playchess.com #038132"]
[Date "2011.06.18"]
[Round "2.1"]
[White "Christov"]
[Black "Reinderman"]
[Result "1/2-1/2"]
[ECO "C41"]
[WhiteElo "2470"]
[BlackElo "2514"]
[PlyCount "73"]
[EventDate "2011.06.18"]
[EventType "match (blitz)"]
[TimeControl "180+3"]

1. e4 d6 2. d4 Nf6 3. Nc3 e5 4. Nf3 Nbd7 5. Bc4 Be7 6. O-O O-O 7. a4 c6 8. Ba2 a5 9. Re1 exd4 10. Nxd4 Nc5 11. Qf3 Nfd7 12. Nf5 Nb6 13. Nxe7+ Qxe7 14. Bf4 Be6 15. Qg3 Rad8 16. Bxe6 Nxe6 17. Bc1 d5 18. exd5 Nxd5 19. Nxd5 cxd5 20. Bd2 b6 21. Rad1 Kh8 22. Qb3 Qc5 23. c3 Qc6 24. Be3 Rd6 25. Rd2 Nc5 26. Bxc5 bxc5 27. Red1 Rfd8 28. Qb5 Qxb5 29. axb5 c4 30. Ra1 d4 31. cxd4 Rxd4 32. Rxd4 Rxd4 33. g3 Rd2 34. Rxa5 h6 35. Ra4 Rxb2 36. Rxc4 Rxb5 {[%emt 0:00:01] Christov doet een remise aanbod} 37. Kg2 {[%emt
0:00:02] (Lag: Av=0.27s, max=0.6s)} 1/2-1/2

[Event "Dutch Internet Championship Final"]
[Site "playchess.com #038132"]
[Date "2011.06.18"]
[Round "2.2"]
[White "Reinderman"]
[Black "Christov"]
[Result "1-0"]
[ECO "A16"]
[WhiteElo "2512"]
[BlackElo "2472"]
[PlyCount "125"]
[EventDate "2011.06.18"]
[EventType "match (blitz)"]
[TimeControl "180+3"]

1. c4 Nf6 2. g3 g6 3. Bg2 Bg7 4. Nc3 d6 5. e4 O-O 6. Nge2 c5 7. d4 cxd4 8.
Nxd4 Bd7 9. O-O Nc6 10. Nde2 Rc8 11. b3 a6 12. a4 Be6 13. h3 Nd7 14. Be3 Nc5 15. Rb1 Nb4 16. Qd2 a5 17. Nd4 b6 18. Nd5 Nba6 19. Kh2 Bd7 20.
Nb5 Bxb5 21. axb5 Nb8 22. f4 Nbd7 23. b4 Nb7 24. Rfc1 e6 25.
bxa5 exd5 26. a6 Na5 27. Qxd5 Qc7 28. Rc2 Nc5 29. Ra2 Rb8 30.
Rxa5 bxa5 31. e5 Nxa6 32. exd6 Qd7 33. bxa6 Rxb1 34. c5 Qb5 35. a7 Qe2 36. Qf3 Qxf3 37. Bxf3 Rb3 38. a8=Q Rxa8 39. Bxa8 Rxe3 40. c6 Re2+ 41. Kh1 Bf8 {
[%emt 0:00:23] '} 42. d7 {[%emt 0:00:09] .} Rd2 43. c7 Rd1+ 44. Kg2 Rd2+ 45. Kf3 Rxd7 46. c8=Q Re7 47. Qc4 Kg7 48. Bd5 Kg8 49. h4 Ra7 50.
Bc6 Rc7 51. Qd5 Ra7 52. Ba4 Rc7 53. Bb3 Ra7 54. Qc4 Re7 55. Kg4 h5+ 56. Kh3 Kh7 57. Qd5 Bg7 58. Qxa5 Bf6 59. Qd5 Kg7 60. Qd3 Rc7 61. f5 Re7 62. fxg6 fxg6 63. Bc2 {[%emt 0:00:01]
Christov geeft op  (Lag: Av=0.31s, max=2.6s)} 1-0

[Event "Dutch Internet Championship Final"]
[Site "playchess.com #038132"]
[Date "2011.06.18"]
[Round "2.2"]
[White "Ivan Sokolov"]
[Black "Rossetis"]
[Result "1-0"]
[ECO "A41"]
[WhiteElo "2345"]
[BlackElo "2478"]
[PlyCount "61"]
[EventDate "2011.06.18"]
[EventType "match (blitz)"]
[TimeControl "180+3"]

1. d4 d6 2. Bg5 Nd7 3. Nf3 g6 4. c4 Bg7 5. Nc3 Ngf6 6. Qc2 h6 7. Bh4 g5 8. Bg3 c5 9. e3 b6 10. Be2 Bb7 11. Rd1 cxd4 12. Nxd4 Rc8 13. Nf5 O-O 14. O-O Re8 15. h4 g4 16. e4 Qc7 17. Qc1 Nxe4 18. Nxe4 Bxe4 19. Nxh6+ Bxh6 20. Qxh6 Qc6 21. Qg5+ Kf8 22. Bxg4 Rc7 23. Rd4 Nf6 24. Bxd6 exd6 25. Qxf6 Bxg2 26. Rxd6 Qe4 27. f3 {[%emt 0:00:16] .} Qe3+ 28. Kxg2 Rxc4 29. Rf2 Rf4 30. Qh8+ Ke7 31. Rd7# {[%emt 0:00:01] 
(Lag: Av=0.37s, max=2.6s)} 1-0

[Event "Dutch Internet Championship Final"]
[Site "playchess.com #038132"]
[Date "2011.06.18"]
[Round "2.2"]
[White "kingloek"]
[Black "Erikerik"]
[Result "1-0"]
[ECO "E11"]
[WhiteElo "2913"]
[BlackElo "2643"]
[PlyCount "127"]
[EventDate "2011.06.18"]
[EventType "match (blitz)"]
[TimeControl "180+3"]

1. d4 Nf6 2. c4 e6 3. Nf3 Bb4+ 4. Nbd2 O-O 5. a3 Be7 6. e4 d5 7. e5 Nfd7 8.
b4 a5 9. b5 c5 10. cxd5 exd5 11. Be2 cxd4 12. Bb2 Nc5 13. Nxd4 Nbd7 14. f4 Nb6 15. O-O Nba4 16. Rb1 Nxb2 17. Rxb2 Qb6 18. Kh1 Ne4 19. Nxe4 dxe4 20. Qa4 Rd8 21. Rd1 Bc5 22. Rbd2 e3 23. Rd3 Bxd4 24. Rxd4 Be6 25. h3 g6 26. Kh2 Rxd4 27. Qxd4 Qxd4 28. Rxd4 Rc8 29. Rd3 Rc2 30. Rxe3 Bd5 31. Kg3 Rb2 32. Rd3 {[%emt 0:00:27] .} Rxb5 33. Bf3 Bxf3 34. Kxf3 a4 35. Ke4 Kf8 36. g4 Ke7 37. f5 gxf5+ 38. gxf5 Rb1 39. f6+ Ke8 40. Rd6 Re1+ 41. Kd5 Rd1+ 42. Kc5 Re1 43. Rd5 Re3 44. Kb4 Re4+ 45. Kb5 h6 46. Ka5 h5 47. Rb5 h4 48. Rxb7 Rxe5+ 49. Kxa4 Re3 50. Re7+ Rxe7 51. fxe7 Kxe7 52. Kb5 Ke6 53. Kc4 Ke5 54. a4 Kd6 55.
Kd4 Kc6 56. Ke4 Kb6 57. Kf5 Ka5 58. Kg5 Kxa4 59. Kxh4 Kb5 60. Kg5 Kc6 61. Kf6 Kd7 62. Kxf7 Kd6 63. h4 Ke5 64. h5 {[%emt 0:00:01] Erikerik geeft op  (Lag: Av=0.67s,
max=4.5s)} 1-0

[Event "Dutch Internet Championship Final"]
[Site "playchess.com #038132"]
[Date "2011.06.18"]
[Round "2.2"]
[White "Jan Smeets"]
[Black "Daanbrandenburg"]
[Result "1/2-1/2"]
[ECO "B52"]
[WhiteElo "2822"]
[BlackElo "2721"]
[PlyCount "99"]
[EventDate "2011.06.18"]
[EventType "match (blitz)"]
[TimeControl "180+3"]

1. e4 c5 2. Nf3 d6 3. Bb5+ Bd7 4. Bxd7+ Qxd7 5. O-O Nf6 6. Qe2 Nc6 7. c3 e6 8. d4 d5 9. e5 Ne4 10. Be3 Be7 11. Ne1 f5 12. f3 Ng5 13. dxc5 Nf7 14. Bd4 O-O 15. Nd3 Rfc8 16. Nd2 b6 17. cxb6 Nxd4 18. cxd4 axb6 19. a3 Ra4 20. Qe3 Bg5 21. f4 Be7 22. Rac1 Rxc1 23. Rxc1 h6 24. g3 Nd8 25. Nf3 Nc6 26. Kg2 Rc4 27. b3 Rxc1 28. Qxc1 Na5 29. b4 Nc4 30.
h3 Qb5 31. Kf2 Qa4 32. g4 Qxa3 33. Qxa3 Nxa3 34. gxf5 exf5 35. Nfe1 Kf7 36. Ke2 Ke6 37. Kd2 Kd7 38. Ng2 Nc4+ 39. Kc3 Kc6 40. Kb3 Kb5 41. Nge1 Nd2+ 42. Kc3 Ne4+ 43. Kb3 g5 44. fxg5 hxg5 45. Ng2 f4 46. Nge1 Nd2+ 47. Kc3 Ne4+ 48. Kb3 Nd2+ 49. Kc3 Ne4+ 50. Kb3 {
[%emt 0:00:01] (Lag: Av=0.24s, max=0.9s)} 1/2-1/2

[Event "Dutch Internet Championship Final"]
[Site "playchess.com #038132"]
[Date "2011.06.18"]
[Round "2.3"]
[White "Rossetis"]
[Black "Ivan Sokolov"]
[Result "1-0"]
[ECO "C72"]
[WhiteElo "2455"]
[BlackElo "2391"]
[PlyCount "203"]
[EventDate "2011.06.18"]
[EventType "match (blitz)"]
[TimeControl "180+3"]

1. e4 e5 2. Nf3 Nc6 3. Bb5 a6 4. Ba4 d6 5. O-O Bg4 6. h3 Bh5 7. c3 Nf6 8.
Re1 Be7 9. d4 b5 10. Bc2 Bxf3 11. gxf3 Nh5 12. f4 Nxf4 13. Bxf4 exf4 14. Qg4 Bg5 15. Nd2 O-O 16. Nf3 Bh6 17. Nh4 Ne7 18. Kh2 Qc8 19. Qg2 c5 20.
e5 dxe5 21. Rxe5 Qb8 22. Qf3 Qd6 23. Rae1 Ra7 24. Rxe7 Rxe7 25.
Nf5 Rxe1 26. Nxd6 cxd4 27. cxd4 g6 28. Bb3 Re7 29. Qg4 Bg7 30.
Nxf7 Rfxf7 31. Bxf7+ Rxf7 32. d5 Bxb2 33. d6 Kg7 34. Qe6 Bf6 35.
d7 Bd8 36. Qe8 Rf8 37. Qe5+ Rf6 38. f3 h5 39. h4 b4 40. Kg2 a5 41. Kf2 a4 {[%emt 0:00:03] '
Rossetis reconnected.} 42. Qb8 Rf8 43. Qxb4 Bxh4+ 44. Kg2 Ra8 45. Qxf4 Bf6 46. Qe4 Rd8 47. Qxa4 Kf7 48. Qc4+ Ke7 49. Qe4+ Kf7 50. Qd3 g5 51. a4 Ke6 52. Qc4+ Kxd7 53. Qf7+ Be7 54. Qxh5 Ra8 55. Qg4+ Ke8 56. Qh5+ Kd7 57. Qg4+ Ke8 58. Qc4 Ra5 59. Kg3 Rc5 60. Qg8+ Kd7 61. Qb3 Bd8 62. Qb7+ Bc7+ 63. Kg2 Ra5 64. Kf1 Kd6 65. Qb4+ Kc6 66. Ke2 Rc5 67. Qe4+ Kd6 68. Qd4+ Kc6 69. Qf6+ Kd7 70. Kd3 Ra5 71. Qf7+ Kc6 72. Qc4+ Rc5 73. Qe4+ Kb6 74. Kd4 Ra5 75. Qe6+ Kb7 76. Qb3+ Bb6+ 77. Kc4 Rf5 78. Qd3 Re5 79. Qd7+ Ka6 80. Qc8+ Ka7 81. Qd7+ Ka6 82. Qg7 Ra5 83. Kb4 Bc5+ 84. Kb3 Bb6 85. Qg8 Ka7 86. Qf7+ Ka6 87. Qe8 Ka7 88. Kb4 Rc5 89. Qe7+ Rc7 90. Qxg5 Rf7 91. Qd5 Rf6 92. a5 Bf2 93. Qd7+ Ka6 94. Qc8+ Ka7 95. Qc7+ Ka6 96. Qc4+ Ka7 97. Qe2 Rf4+ 98. Kb3 Bc5 99. Qe5 Rb4+ 100. Kc3 Rb5 101. Qc7+ Ka6 102. Kc4 {[%emt 0:00:01] Time} 1-0

[Event "Dutch Internet Championship Final"]
[Site "playchess.com #038132"]
[Date "2011.06.18"]
[Round "2.3"]
[White "Daanbrandenburg"]
[Black "Jan Smeets"]
[Result "1/2-1/2"]
[ECO "B06"]
[WhiteElo "2725"]
[BlackElo "2818"]
[PlyCount "111"]
[EventDate "2011.06.18"]
[EventType "match (blitz)"]
[TimeControl "180+3"]

1. e4 d6 2. d4 g6 3. Nc3 Bg7 4. Be3 a6 5. h3 b5 6. g4 Bb7 7. Bg2 Nf6 8. a3 Nbd7 9. Nge2 c5 10. Ng3 cxd4 11. Bxd4 O-O 12. O-O Qc7 13. f4 e5 14. Be3 exf4 15. Bxf4 Ne5 16. Kh1 Rfe8 17. Qe2 Nc4 18. Nd1 Re6 19. b3 Nb6 20. Nf2 Rc8 21. Rac1 Qe7 22. Qd2 d5 23. Bg5 dxe4 24. Bxf6 Bxf6 25. Nfxe4 Bg7 26. Rce1 Re8 27. Re2 Be5 28.
Rfe1 Qc7 29. Qd3 {[%emt 0:00:45] .} R6e7 {
[%emt 0:00:12] '} 30. Re3 Nd5 31. Rf3 Bg7 32. Ref1 Kh8 33. Ng5 f6 34. N5e4 Qe5 35. Nd2 Ne3 36. Rxe3 Bxg2+ 37. Kxg2 Qxe3 38. Qxe3 Rxe3 39. Rf2 Rc3 40. Nde4 Rc6 41. c4 bxc4 42. bxc4 Rxc4 43. Nd6 Rec8 44. Nxc8 Rxc8 45. Rb2 Bf8 46. Rb6 Rc2+ 47. Kf1 Kg7 48.
Rxa6 Rc3 49. Ra7+ Kh6 50. Kg2 Bxa3 51. h4 Bc5 52. Rf7 Rc2+ 53.
Kh3 Rc3 54. Kg2 Rc2+ 55. Kh3 Rc3 56. Kg2 {[%emt 0:00:07]
(Lag: Av=0.52s, max=1.3s)} 1/2-1/2

[Event "Dutch Internet Championship Final"]
[Site "playchess.com #038132"]
[Date "2011.06.18"]
[Round "2.3"]
[White "Christov"]
[Black "Reinderman"]
[Result "1-0"]
[ECO "B78"]
[WhiteElo "2457"]
[BlackElo "2527"]
[PlyCount "89"]
[EventDate "2011.06.18"]
[EventType "match (blitz)"]
[TimeControl "180+3"]

1. e4 c5 2. Nf3 d6 3. Nc3 Nc6 4. d4 cxd4 5. Nxd4 g6 6. Be3 Bg7 7. Qd2 Nf6 8. f3 O-O 9. Bc4 Bd7 10. O-O-O Na5 11. Bb3 Rb8 12. h4 b5 13.
Kb1 Nc4 14. Bxc4 bxc4 15. Ka1 Rb7 16. g4 Qc7 17. h5 Rfb8 18.
Rb1 Qa5 19. hxg6 fxg6 20. Nde2 Be6 21. Bd4 Bf7 22. a3 e5 23.
Be3 d5 24. Nxd5 Qxd2 25. Nxf6+ Bxf6 26. Bxd2 Rd7 27. Be3 Rbd8 28.
Nc3 h5 29. gxh5 gxh5 30. Rbg1+ Kh7 31. Bg5 Bxg5 32. Rxg5 Re8 33.
Nd5 Kh6 34. Rf5 Bg6 35. Rf6 Rf7 36. Rc6 Rg8 37. Nf6 Rgf8 38. Ng4+ Kg7 39. Nxe5 Rf6 40. Rc7+ Bf7 41. Rxh5 c3 42. b4 a5 43. Rf5 axb4 44. Rxf6 Kxf6 45. Nd7+ {[%emt 0:00:01] Reinderman geeft op  (Lag: Av=0.37s, max=2.9s)
} 1-0

[Event "Dutch Internet Championship Final"]
[Site "playchess.com #038132"]
[Date "2011.06.18"]
[Round "2.3"]
[White "Erikerik"]
[Black "kingloek"]
[Result "1-0"]
[ECO "B23"]
[WhiteElo "2638"]
[BlackElo "2919"]
[PlyCount "49"]
[EventDate "2011.06.18"]
[EventType "match (blitz)"]
[TimeControl "180+3"]

1. e4 c5 2. Nc3 d6 3. f4 g6 4. Nf3 Bg7 5. Bb5+ Bd7 6. Bxd7+ Qxd7 7. O-O Nc6 8.
d3 e6 9. Be3 Nd4 10. Bxd4 cxd4 11. Ne2 e5 12. c3 dxc3 13. bxc3 exf4 14. d4 Nf6 15. Nxf4 O-O 16. Re1 Rac8 17. Qb3 Qc6 18. Rac1 Nxe4 19. Nd5 Rfe8 20. Rc2 Kf8 {[%emt 0:01:11] '} 21. Rce2 Nf6 22. Ne7 Qxc3 23.
Nxc8 Qxb3 24. Rxe8+ Nxe8 25. axb3 {[%emt 0:00:01] kingloek resigns  (Lag: Av=0.56s,
max=1.9s)} 1-0

[Event "Dutch Internet Championship Final"]
[Site "playchess.com #038132"]
[Date "2011.06.18"]
[Round "2.5"]
[White "Christov"]
[Black "Reinderman"]
[Result "1-0"]
[ECO "B04"]
[WhiteElo "2462"]
[BlackElo "2522"]
[PlyCount "117"]
[EventDate "2011.06.18"]
[EventType "match (blitz)"]
[TimeControl "180+3"]

1. e4 Nf6 2. e5 Nd5 3. d4 d6 4. Nf3 dxe5 5. Nxe5 c6 6. Be2 Nd7 7. Nf3 N7f6 8. c4 Nc7 9. Nc3 Bg4 10. h3 Bh5 11. O-O e6 12. Be3 Be7 13.
Ne5 Bxe2 14. Qxe2 O-O 15. Rad1 Nd7 16. f4 f6 17. Nd3 Re8 18.
Ne4 Bf8 19. Qh5 Qe7 20. Bf2 Qf7 21. Qf3 Rad8 22. Rfe1 Na6 23. Re2 Nb4 24. Nxb4 Bxb4 25. Qb3 a5 26. c5 Qh5 27. Kf1 Qd5 28. Qxd5 exd5 29. Nd6 Rxe2 30. Kxe2 a4 31. Nxb7 Rb8 32. Nd6 Ba5 33. Rb1 Bc3 34. b3 axb3 35. Rxb3 Rxb3 36. axb3 Kf8 37. Kd3 Bb4 38. f5 Nb8 39. g4 Ke7 40. Bg3 Kd7 41. Ne8 Kxe8 42. Bxb8 Kd7 43. Bf4 Be1 44. Bd2 Bg3 45. b4 Kc7 46. Kc3 Kb7 47. Kb3 Ka6 48. Ka4 Bh2 49. h4 Bg3 50.
h5 Bf2 51. h6 gxh6 52. Bxh6 Bxd4 53. Bg7 Be3 54. Bxf6 d4 55. Kb3 {
[%emt 0:00:18] .} d3 56. g5 d2 57. Kc2 Kb5 58. g6 h6 59. g7 {[%emt 0:00:02] Reinderman geeft op  (Lag: Av=0.39s,
max=2.4s)} 1-0

[Event "Dutch Internet Championship Final"]
[Site "playchess.com #038132"]
[Date "2011.06.18"]
[Round "2.5"]
[White "Daanbrandenburg"]
[Black "Jan Smeets"]
[Result "0-1"]
[ECO "C42"]
[WhiteElo "2751"]
[BlackElo "2792"]
[PlyCount "74"]
[EventDate "2011.06.18"]
[EventType "match (blitz)"]
[TimeControl "180+3"]

1. e4 e5 2. Nf3 Nf6 3. Nxe5 d6 4. Nf3 Nxe4 5. d4 d5 6. Bd3 Nc6 7. O-O Be7 8.
Re1 Bg4 9. c4 Bxf3 10. Qxf3 Nxd4 11. Qe3 Nf5 12. Qf4 g6 13. cxd5 Ned6 14. Nc3 O-O 15. Qg4 Re8 16. Bf4 Rc8 17. Ne4 Nxe4 18. Bxe4 Nd6 19. Bd3 Bf6 20. g3 Kg7 21. h4 h5 22. Qf3 Bxb2 23. Rab1 Rxe1+ 24. Rxe1 Qf6 25. Kg2 Bd4 26. Bc2 Re8 27. Rxe8 Nxe8 28. Qb3 Nd6 29. Qf3 Be5 30. Be3 b6 31. Qxf6+ Kxf6 32. f4 Bc3 33. Kf3 Nf5 34. Bf2 Ke7 35.
g4 hxg4+ 36. Kxg4 Ng7 37. Bg3 f5+ 0-1

[Event "Dutch Internet Championship Final"]
[Site "playchess.com #038132"]
[Date "2011.06.18"]
[Round "2.4"]
[White "Ivan Sokolov"]
[Black "Rossetis"]
[Result "1-0"]
[ECO "A57"]
[WhiteElo "2366"]
[BlackElo "2469"]
[PlyCount "55"]
[EventDate "2011.06.18"]
[EventType "match (blitz)"]
[TimeControl "180+3"]

1. d4 Nf6 2. c4 c5 3. d5 b5 4. Qc2 bxc4 5. e4 d6 6. Bxc4 g6 7. Nf3 Bg7 8. O-O O-O 9. Re1 Nbd7 10. Nc3 Ne8 11. Bf4 Rb8 12. Rad1 Qa5 13. e5 dxe5 14. Nxe5 Nxe5 15. Bxe5 Nd6 16. Bxg7 Kxg7 17. b3 Bf5 18. Bd3 Rfe8 19. h3 Rb4 20.
Bxf5 Nxf5 21. Ne4 Rd8 22. Qc3+ Kg8 23. d6 Nxd6 24. Rxd6 exd6 25. Nf6+ Kf8 26. Nd5 Kg8 27. Ne7+ Kf8 28. Qh8# {[%emt
0:00:03] (Lag: Av=0.26s, max=0.8s)} 1-0

[Event "Dutch Internet Championship Final"]
[Site "playchess.com #038132"]
[Date "2011.06.18"]
[Round "2.6"]
[White "Jan Smeets"]
[Black "Daanbrandenburg"]
[Result "1-0"]
[ECO "A46"]
[WhiteElo "2807"]
[BlackElo "2736"]
[PlyCount "63"]
[EventDate "2011.06.18"]
[EventType "match (blitz)"]
[TimeControl "180+3"]

1. d4 Nf6 2. Nf3 c5 3. c3 g6 4. dxc5 Bg7 5. b4 O-O 6. Bb2 a5 7. a3 Ne4 8. e3 b6 9. Qd5 axb4 10. Qxe4 Ra4 11. axb4 Rxa1 12. Bxa1 bxc5 13. Be2 d5 14. Qc2 cxb4 15. O-O Qa5 16. Nbd2 bxc3 17. Nb3 Qb4 18. Nbd4 e5 19. Bxc3 Qc5 20. Nb3 Qc7 21. Qb2 Nc6 22. Rc1 Qd6 23. Bb5 d4 24. exd4 exd4 25. Nbxd4 Nxd4 26. Bxd4 Bxd4 27. Qxd4 Qa3 28. Qc3 Qxc3 29. Rxc3 Bg4 30. h3 Be6 31. Nd4 Bd5 32. Bc6 {[%emt 0:00:01] Daanbrandenburg geeft op  (Lag: Av=0.
23s, max=0.7s)} 1-0

[Event "Dutch Internet Championship Final"]
[Site "playchess.com #038132"]
[Date "2011.06.18"]
[Round "2.6"]
[White "Reinderman"]
[Black "Christov"]
[Result "0-1"]
[ECO "A11"]
[WhiteElo "2503"]
[BlackElo "2482"]
[PlyCount "108"]
[EventDate "2011.06.18"]
[EventType "match (blitz)"]
[TimeControl "180+3"]

1. c4 c6 2. g3 d5 3. Bg2 Nf6 4. Nf3 dxc4 5. O-O Na6 6. Na3 Be6 7. Ng5 Bf5 8. Nxc4 h6 9. Nxf7 Kxf7 10. Qb3 e6 11. Qxb7+ Nc7 12. d3 Kg8 13.
Bf4 Ncd5 14. Be5 Bg6 15. Qxc6 Bf7 16. Rac1 Rc8 17. Qa6 Qd7 18. a3 Rd8 19. Na5 Bd6 20. Bxd6 Qxd6 21. Qxa7 Rd7 22. Qc5 Kh7 23. Qxd6 Rxd6 24. Nc4 Ra6 25. Ne5 Ra7 26. Rc2 Rha8 27. Rfc1 Be8 28. Rc5 Rb7 29. Nc4 Rb3 30. f4 Rab8 31. f5 Bf7 32. e4 Nb6 33. Nd6 Bg8 34. R1c2 Na4 35.
e5 Nxc5 36. exf6 Nxd3 37. f7 Bxf7 38. Nxf7 exf5 39. Nd6 Rxb2 40. Rxb2 Rxb2 41. Nxf5 Rb1+ 42. Bf1 Ra1 43. Kg2 Ra2+ 44. Kg1 Rxa3 45. Ne3 Ne5 46. Nd5 Kg6 47. Nf4+ Kf5 48. Kf2 g5 49. Ne2 Ng4+ 50. Kg1 Ra1 51. Nd4+ Ke4 52. Nc2 Rc1 53. h3 Rxc2 54. hxg4 Kf3 {[%emt 0:00:01]
Reinderman geeft op  (Lag: Av=0.28s, max=1.0s)} 0-1

[Event "Dutch Internet Championship Final"]
[Site "playchess.com #038132"]
[Date "2011.06.18"]
[Round "2.7"]
[White "Daanbrandenburg"]
[Black "Jan Smeets"]
[Result "0-1"]
[ECO "B01"]
[WhiteElo "2722"]
[BlackElo "2821"]
[PlyCount "52"]
[EventDate "2011.06.18"]
[EventType "match (blitz)"]
[TimeControl "180+3"]

1. e4 d5 2. exd5 Qxd5 3. Nc3 Qa5 4. d4 c6 5. Bc4 Bf5 6. Nge2 e6 7. O-O Nd7 8. Ng3 Bg6 9. f4 Ne7 10. Kh1 h5 11. Nge4 Nf5 12. Ng5 O-O-O 13. Bd3 Nf6 14. Bd2 Qc7 15. Ne2 Be7 16. c3 Ng4 17. Qa4 Bxg5 18.
Bxf5 Bxf5 19. h3 Bd3 20. Rae1 Bh4 21. g3 Bxe2 22. Rxe2 Bxg3 23. Kg2 Bh4 24. hxg4 hxg4 25. Qxa7 Rh5 26. Rh1 Ra5 {[%emt 0:00:03] Daanbrandenburg geeft op  (Lag: Av=0.63s, max=1.3s)} 0-1

[Event "Dutch Internet Championship Final"]
[Site "playchess.com #038132"]
[Date "2011.06.18"]
[Round "3.1"]
[White "kingloek"]
[Black "Christov"]
[Result "1/2-1/2"]
[ECO "E91"]
[WhiteElo "2898"]
[BlackElo "2500"]
[PlyCount "134"]
[EventDate "2011.06.18"]
[EventType "match (blitz)"]
[TimeControl "180+3"]

1. d4 Nf6 2. c4 g6 3. Nc3 Bg7 4. e4 d6 5. Nf3 O-O 6. Be2 Na6 7. Bf4 Nd7 8.
O-O e5 9. Bg5 Qe8 10. Re1 h6 11. Bh4 exd4 12. Nxd4 Ne5 13. Nd5 g5 14. Bg3 c6 15. Ne3 Nc5 16. Qc2 Qe7 17. Ndf5 Qc7 18. Rad1 Bxf5 19. Nxf5 Rad8 20. h4 Ne6 21. hxg5 hxg5 22. Rd2 Rd7 23. Red1 Rfd8 24. b4 Bf8 25. a3 Nf4 26. Bxf4 gxf4 27. Qc3 Ng6 28. Bg4 d5 29. cxd5 cxd5 30.
Qxc7 Rxc7 31. exd5 Rc3 32. Ra2 Ne5 33. Bh3 Nc4 34. Rd4 Nxa3 35.
d6 Nb5 36. Rxf4 Rc1+ 37. Kh2 Bxd6 38. Nxd6 Rxd6 39. Re2 Kf8 40.
Re5 a6 41. Bg4 Rd4 42. Ree4 Rxe4 43. Rxe4 Rc2 44. Rf4 Ke7 45. Bh5 Nd6 46. g4 b6 47. Kg3 Rc4 48. Rxc4 Nxc4 49. g5 Ne5 50. Be2 b5 51. Kf4 Nc6 52. Ke4 Nxb4 53. Kd4 Kd6 54. f4 Nc6+ 55. Ke4 Nd8 56. f5 Nb7 57. Bh5 Ke7 58. f6+ Kf8 59. Kd5 Nd8 60. Bg4 a5 61. Kc5 b4 62.
Kb5 b3 63. Kxa5 b2 64. Bf5 Ne6 65. Kb4 Nxg5 66. Kc3 Kg8 67. Kxb2 Nh7 {[%emt 0:00:00] Christov doet een remise aanbod  (Lag:
Av=0.48s, max=2.2s)} 1/2-1/2